 Dungeon Crawl Stone Soup version 0.18-a0-775-g4d9e04e (webtiles) character file.

26 Gorice the Skirmisher (level 3, 0/26 HPs)
             Began as an Octopode Wanderer on Dec 13, 2015.
             Slain by a gnoll
             ... wielding a +0 spear
              (3 damage)
             ... on level 1 of the Dungeon.
             The game lasted 00:04:18 (899 turns).

Gorice the Skirmisher (Octopode Wanderer)            Turns: 899, Time: 00:04:19

Health: 0/26       AC:  1    Str: 12    XL:     3   Next: 8%
Magic:  3/3        EV: 11    Int: 15    God:
Gold:   120        SH:  0    Dex: 10    Spells: 1 memorised, 1 level left

rFire  . . .     SeeInvis .     a - +2 falchion
rCold  . . .     Clarity  .     (no shield)
rNeg   . . .     SustAt   .     (helmet restricted)
rPois  .         Gourm    .     (no amulet)
rElec  .         Spirit   .     (no ring)
rCorr  .         Dismiss  .     (no ring)
rMut   .         Stasis   .     (no ring)
MR     .....                    (no ring)
Stlth  +++.......               (no ring)
                                (no ring)
                                (no ring)
                                (no ring)

@: not resistant to hostile enchantments, fairly stealthy
A: almost no armour, amphibious, 8 rings, constrict 8, camouflage 1, gelatinous
body 1
a: no special abilities


You were on level 1 of the Dungeon.
You were not hungry.

You visited 1 branch of the dungeon, and saw 2 of its levels.

You collected 120 gold pieces.

Inventory:

Hand Weapons
 a - a +2 falchion (weapon)
 v - a +1 dagger of venom
   (You took it off a kobold on level 1 of the Dungeon)
Missiles
 g - 14 bolts
 Z - 76 stones (quivered)
Jewellery
 l - an uncursed ring of teleportation
Scrolls
 n - 2 scrolls of teleportation {!r}
Potions
 i - a potion of cancellation {!q}
 o - a potion of flight {unknown}
Books
 b - the Volume of Confrontation and Flight

   Spells                             Type                      Level
   a - Shock                          Conjuration/Air              1
   b - Static Discharge               Conjuration/Air              3
 c - the Incunabulum of Flames

   Spells                             Type                      Level
   a - Flame Tongue                   Conjuration/Fire             1
   b - Inner Flame                    Hexes/Fire                   3
Comestibles
 d - a bread ration {!e}
 f - 4 meat rations {!e}
 h - a beef jerky
 j - 3 chunks of flesh


   Skills:
 + Level 3.5 Fighting
 * Level 2.0 Long Blades
 + Level 1.3 Dodging
 - Level 1.3 Stealth
   Level 1.0 Shields
 - Level 1.0 Conjurations
 - Level 2.0 Fire Magic


You had one spell level left.
You knew the following spells:

 Your Spells              Type           Power        Failure   Level  Hunger
a - Flame Tongue          Conj/Fire      #....        14%         1    ##.....


Dungeon Overview and Level Annotations

Branches:
Dungeon (2/15)

Altars:


Innate Abilities, Weirdness & Mutations

You cannot wear most types of armour.
You are amphibious.
You can wear up to eight rings at the same time.
You can use your tentacles to constrict eight enemies at once.
Your skin changes colour to match your surroundings (Stealth).
Your rubbery body absorbs attacks (AC +1).


Message History

No target in view!
No target in view!
No target in view!
Some of the chunks of flesh in your inventory have rotted away.
There is a stone staircase leading down here.
Done exploring.
There is a stone staircase leading down here.
Read which item? (? for menu, Esc to quit)
As you read the scroll labeled YHYUR ARUFF, it crumbles to dust.
You feel strangely unstable.
It was a scroll of teleportation.
Read which item? (? for menu, Esc to quit)
As you read the scroll labeled UGILOUR RESS, it crumbles to dust.
It is a scroll of identify.
Identify which item? (\ to view known items) (? for menu, Esc to quit)
i - a potion of cancellation Read which item? (? for menu, Esc to quit)
As you read the scroll labeled VUNYCEUGGIT, it crumbles to dust.
You feel as if something is helping you.
It was a scroll of remove curse.
You remove your ring of teleportation.
Read which item? (? for menu, Esc to quit)
As you read the scroll labeled FEUXTU ODEMO, it crumbles to dust.
You feel momentarily disoriented.
It was a scroll of magic mapping.
Okay, then.
You can't go up here!
Memorise Flame Tongue, consuming 1 spell level and leaving 1?
Your surroundings suddenly seem different.
You start memorising the spell.
You continue memorising.
You finish memorising.
Spell assigned to 'a'.
There is a stone staircase leading down here.
You climb downwards. 4 gnolls come into view.
The gnoll shouts! x4
Found 29 stones.
There is a stone staircase leading up here.
Unknown command.
The gnoll hits you with a whip. The gnoll hits you with a spear.
You climb upwards.
There is a stone staircase leading down here.
Damage: 10 (max 10) Unknown command.
The gnoll hits you with a spear!
* * * LOW HITPOINT WARNING * * *
The gnoll hits you with a spear.
* * * LOW HITPOINT WARNING * * *
Damage: 13 (max 13) Unknown command.
The gnoll barely misses you.
The gnoll hits you from afar with a spear.
You die...

#.........# #####
#.........######
####.......#......#
#..........#......######
#.....######............
#.....## ##...........
#......# #...........
#......######...........
###..g.@................
#...g##########.......
###.#..###############'#
#..>g...................
#####.#.####.#############.#
#.....#.####'#### #.......#
#.#####.........# #.......#
#.#...#.........# #.......#
###.#.#.#.........####.......#


You could see 3 gnolls.

Vanquished Creatures
  An ooze (D:1)
  A ball python (D:1)
  3 giant cockroaches (D:1)
  A goblin (D:1)
  4 hobgoblins (D:1)
  2 kobolds (D:1)
  5 bats (D:1)
  A giant gecko (D:1)
  5 rats (D:1)
23 creatures vanquished.

Notes
Turn   | Place    | Note
--------------------------------------------------------------
     0 | D:1      | Gorice the Octopode Wanderer began the quest for the Orb.
     0 | D:1      | Gorice set off with: a +2 falchion, the Volume of Confrontation and Flight, the Incunabulum of Flames, a bread ration {!e}
     0 | D:1      | Reached XP level 1. HP: 16/16 MP: 1/1
    25 | D:1      | Identified the Volume of Confrontation and Flight
    25 | D:1      | Identified the Incunabulum of Flames
   218 | D:1      | Reached XP level 2. HP: 18/21 MP: 2/2
   632 | D:1      | Reached XP level 3. HP: 26/26 MP: 3/3
   762 | D:1      | Reached skill level 2 in Long Blades
   865 | D:1      | Learned a level 1 spell: Flame Tongue
   895 | D:1      | HP: 7/26 [gnoll/spear (9)]
   895 | D:1      | HP: 3/26 [gnoll/spear (4)]
   899 | D:1      | Slain by a gnoll

Vault maps used:
D:1:      dpeg_arrival_snail, minivault_5, minmay_vboxes
D:2:      gammafunk_temple_overflow_forgotten, first_bread, lemuel_flame_loot_1

Action                   || total
-------------------------++-------
Melee: Falchion          ||    33
  Use: Scroll            ||     4
 Stab: Sleeping          ||     5

Table legend:
 A = Turns spent in this place as a percentage of turns spent in the entire game.
 B = Non-inter-level travel turns spent in this place as a percentage of non-inter-level travel turns spent in the entire game.
 C = Inter-level travel turns spent in this place as a percentage of turns spent in this place.
 D = Turns resting spent in this place as a percentage of non-inter-level travel turns spent in this place.
 E = Turns spent auto-exploring this place as a percentage of non-inter-level travel turns spent in this place.
 F = Non-inter-level travel turns spent in this place divided by the number of levels of this place that you've seen.
                   A       B       C       D       E      F
               +-------+-------+-------+-------+-------+----------------------
         Total | 100.0 | 100.0 |   0.9 |   0.0 |   9.3 | 156.5
       Dungeon | 100.0 | 100.0 |   0.9 |   0.0 |   9.3 | 156.5
               +-------+-------+-------+-------+-------+----------------------

Vault maps used:
D:1:      dpeg_arrival_snail, minivault_5, minmay_vboxes
D:2:      gammafunk_temple_overflow_forgotten, first_bread, lemuel_flame_loot_1
